 Dungeon Crawl Stone Soup version 0.31.0-9-g3a7656b989 (webtiles) character file.

Game seed: 16959114288306450534

1699096 bakla the Ecstatic (level 27, 261/261 HPs)
             Began as a Hill Orc Gladiator on Jan 24, 2024.
             Was a Follower of Uskayaw.
             Escaped with the Orb
             ... and 3 runes on Jan 25, 2024!
             The game lasted 03:09:01 (65405 turns).

bakla the Ecstatic (Hill Orc Gladiator)            Turns: 65405, Time: 03:09:02

Health: 261/261    AC: 45    Str: 32    XL:     27
Magic:  39/39      EV: 18    Int:  8    God:    Uskayaw [*.....]
Gold:   1184       SH: 12    Dex: 14    Spells: 21/26 levels left

rFire   + + +        M - +4 broad axe (spect)
rCold   + + +        W - +3 warlock's mirror {omnireflect}
rNeg    . . .        O - +12 gold dragon scales
rPois   +            c - +1 helmet {SInv}
rElec   .            v - scarf of Ashenzari's Grace {rC+ rF+, Str+3}
rCorr   .            F - +1 pair of gloves
SInv    +            s - +2 pair of slick slippers {slick, slippery, EV+4}
Will    +++..        Y - amulet of Vitality {RegenMP++ Regen++} Stlth
                     d - ring "Weudout" {rF+ rC+ SInv}
HPRegen 2.23/turn    b - ring of willpower
MPRegen 1.06/turn

%: reflection
@: no status effects
A: claws 1, screaming 1, wild magic 1
0: Orb of Zot
}: 3/15 runes: decaying, serpentine, silver
a: Renounce Religion, Stomp


You escaped.
You worshipped Uskayaw.
Uskayaw was extremely pleased with you.
You visited 10 branches of the dungeon, and saw 48 of its levels.
You visited 1 bazaar.
You also visited: Ice Cave.

You collected 6335 gold pieces.
You spent 5151 gold pieces at shops.

Inventory:

Hand Weapons
 M - a +4 spectral broad axe (weapon)
Missiles
 P - 4 throwing nets
 U - 9 curare-tipped darts
Armour
 c - a +1 helmet of see invisible (worn)
 s - the +2 pair of slick slippers (worn) {slick, slippery, EV+4}
   (You bought it in a shop on level 1 of the Elven Halls)

   Slick:     Its wearer cannot be constricted, engulfed, netted or webbed.
   Slippery:  Its wearer slips away from damaging melee attacks, pulling the
   attacker onward.
   EV+4:      It affects your evasion (+4).
 v - the scarf of Ashenzari's Grace (worn) {rC+ rF+, Str+3}
   (You bought it in a shop on level 1 of the Elven Halls)

   Str+3:     It affects your strength (+3).
 F - a +1 pair of gloves (worn)
 O - +12 gold dragon scales (worn)
 W - the +3 warlock's mirror (worn) {omnireflect}
   (You found it on level 3 of the Elven Halls)

   Omnireflect: It can block and reflect piercing ranged attacks and magical
   attacks against the wielder's willpower.
Jewellery
 b - a ring of willpower (right hand)
 d - the ring "Weudout" (left hand) {rF+ rC+ SInv}
   (You took it off a frost giant on level 5 of the Vaults)

   [ring of protection from cold]

   rF+:       It protects you from fire.
   rC+:       It protects you from cold.
   SInv:      It lets you see invisible.
 h - a ring of resist corrosion
 k - the ring of Eriossuj {Fire Str+3}
   (You found it on level 2 of the Depths)

   [ring of fire]

   Fire:      It enhances your fire magic.
   Str+3:     It affects your strength (+3).
   rF+:       It protects you from fire.
   rC-:       It makes you vulnerable to cold.
 y - a +5 ring of evasion
 G - the ring "Qid Koir" {Fly rF- rCorr Int+4 SInv}
   (You found it on level 2 of the Depths)

   [ring of see invisible]

   Int+4:     It affects your intelligence (+4).
   rF-:       It makes you vulnerable to fire.
   SInv:      It lets you see invisible.
   Fly:       It grants you flight.
   rCorr:     It protects you from acid and corrosion.
 L - the ring of Happiness {Ice ^Contam Str+3 Dex+4}
   (You took it off Josephina on level 4 of the Depths)

   [ring of ice]

   Ice:       It enhances your ice magic.
   Str+3:     It affects your strength (+3).
   Dex+4:     It affects your dexterity (+4).
   rF-:       It makes you vulnerable to fire.
   rC+:       It protects you from cold.
   ^Contam:   It causes magical contamination when unequipped.
 Y - the amulet of Vitality (around neck) {RegenMP++ Regen++}
   (You took it off a deep elf master archer on level 3 of the Elven Halls)

   [amulet of magic regeneration]

   RegenMP:   It increases your rate of magic regeneration.
   Regen++:   It increases your rate of health regeneration.
Wands
 t - a wand of acid (14)
 u - a wand of iceblast (42)
 z - a wand of paralysis (40)
 B - a wand of flame (50) (quivered)
 I - a wand of digging (13)
 S - a wand of mindburst (31)
Scrolls
 a - 3 scrolls of immolation
 e - 2 scrolls of silence
 f - a scroll of brand weapon
 i - 8 scrolls of noise
 q - 2 scrolls of fear
 r - 7 scrolls of fog
 w - 3 scrolls of vulnerability
 A - 6 scrolls of poison
 N - 5 scrolls of teleportation
 V - 5 scrolls of blinking
 X - a scroll of torment
Potions
 g - 8 potions of lignification
 j - 6 potions of attraction
 l - 4 potions of might
 m - a potion of invisibility
 n - 6 potions of magic
 p - 2 potions of resistance
 C - 7 potions of mutation
 E - 13 potions of curing
 H - 5 potions of berserk rage
 J - a potion of heal wounds
 K - 2 potions of haste
 R - 4 potions of enlightenment
Miscellaneous
 o - a phantom mirror
 D - a sack of spiders
 Q - a tin of tremorstones (2/2)
 T - a lightning rod (4/4)
 Z - a phial of floods


   Skills:
 - Level 24.3 Fighting
 - Level 18.0 Axes
 - Level 5.0 Throwing
 - Level 24.3 Armour
 + Level 15.9 Dodging
 + Level 21.0 Shields
 - Level 24.4 Invocations
 - Level 12.0 Evocations


You had 21 spell levels left.
You knew the following spells:

 Your Spells              Type           Power      Damage    Failure   Level
a - Blink                 Tloc           0%         N/A       99%         2
b - Fugue of the Fallen   Necr           0%         N/A       100%        3

Your spell library contained the following spells:

 Spells                   Type           Power      Damage    Failure   Level
 Foxfire                  Conj/Fire      0%         2x1d4     97%         1
 Magic Dart               Conj           0%         1d3       97%         1
 Sandblast                Erth           0%         2d4       97%         1
 Sting                    Conj/Alch      0%         1d3       97%         1
 Summon Small Mammal      Summ           0%         N/A       97%         1
 Call Imp                 Summ           0%         N/A       99%         2
 Cigotuvi's Dreadful Rot  Necr/Alch/Air  0%         N/A       99%         2
 Ensorcelled Hibernation  Hex/Ice        0%         N/A       99%         2
 Lesser Beckoning         Tloc           0%         N/A       99%         2
 Mercury Vapours          Alch/Air       0%         N/A       99%         2
 Momentum Strike          Conj/Tloc      0%         3d8       99%         2
 Call Canine Familiar     Summ           0%         N/A       100%        3
 Dazzling Flash           Conj/Hex       0%         N/A       100%        3
 Frozen Ramparts          Ice            0%         1d1       100%        3
 Ozocubu's Armour         Ice            0%         N/A       100%        3
 Passwall                 Erth           0%         N/A       100%        3
 Stone Arrow              Conj/Erth      0%         3d7       100%        3
 Volatile Blastmotes      Fire/Tloc      0%         2d10      100%        3
 Anguish                  Hex/Necr       0%         N/A       100%        4
 Brom's Barrelling Bould  Conj/Erth      0%         2d3       100%        4
 Ignite Poison            Fire/Alch      0%         N/A       100%        4
 Leda's Liquefaction      Alch/Erth      0%         N/A       100%        4
 Manifold Assault         Tloc           0%         N/A       100%        4
 Olgreb's Toxic Radiance  Alch           0%         N/A       100%        4
 Petrify                  Alch/Erth      0%         N/A       100%        4
 Sticky Flame             Fire/Alch      0%         2d4       100%        4
 Summon Blazeheart Golem  Fire/Summ      0%         N/A       100%        4
 Alistair's Intoxication  Alch           0%         N/A       100%        5
 Borgnjor's Vile Clutch   Necr/Erth      0%         N/A       100%        5
 Freezing Cloud           Conj/Ice/Air   0%         6-21      100%        5
 Iskenderun's Battlesphe  Conj           0%         2d6       100%        5
 Lee's Rapid Deconstruct  Erth           0%         3d4*      100%        5
 Metabolic Englaciation   Hex/Ice        0%         N/A       100%        5
 Summon Forest            Summ/Tloc      0%         N/A       100%        5
 Bombard                  Conj/Erth      0%         9d1       100%        6
 Dispersal                Tloc           0%         N/A       100%        6
 Eringya's Noxious Bog    Alch           0%         4d6       100%        6
 Plasma Beam              Fire/Air       0%         2x1d10    100%        6
 Sculpt Simulacrum        Ice/Alch       0%         N/A       100%        6
 Starburst                Conj/Fire      0%         6d3       100%        6
 Haunt                    Necr/Summ      0%         N/A       100%        7
 Spellforged Servitor     Conj/Summ      0%         N/A       100%        7
 Summon Hydra             Summ           0%         N/A       100%        7
 Borgnjor's Revivificati  Necr           0%         N/A       100%        8
 Disjunction              Tloc           0%         N/A       100%        8
 Ignition                 Fire           0%         3d3       100%        8
 Maxwell's Capacitive Co  Air            0%         ∞         100%        8
 Chain Lightning          Conj/Air       0%         N/A       100%        9
 Death's Door             Necr           0%         N/A       100%        9
 Fire Storm               Conj/Fire      0%         5d1       100%        9
 Shatter                  Erth           0%         3d5*      100%        9


Dungeon Overview and Level Annotations

Branches:
Dungeon (15/15)            Temple (1/1) D:6            Lair (5/5) D:9
  Swamp (4/4) Lair:2        Snake (4/4) Lair:3        Slime (0/5) Lair:5
    Orc (2/2) D:11            Elf (3/3) Orc:2        Vaults (5/5) D:13
  Crypt (0/3) Vaults:3     Depths (4/4) D:15            Zot (5/5) Depths:4
  IceCv (visited)

Altars:
Ashenzari
Cheibriados
Dithmenos
Elyvilon
Fedhas
Gozag
Hepliaklqana
Kikubaaqudgha
Makhleb
Nemelex Xobeh
Okawaru
Qazlal
Ru
Sif Muna
Trog
Uskayaw
Vehumet
Wu Jian
Xom
Yredelemnul
Zin
The Shining One

Shops:
D:5 (   Orc:1 :   Orc:2 **=[(   Elf:1 *([   Elf:2 [   Elf:3 [!   Snake:1 [
Snake:4 [=   Vaults:1 (!!**   Vaults:2 [

Portals:
Hell: Depths:1 Depths:3
Abyss: Depths:3
Pandemonium: Depths:3
Ziggurat: Depths:2

Annotations:
D:7 1 runed translucent door, Crazy Yiuf
Lair:1 exclusion: oklob plant
Snake:2 3 runed translucent doors, Icun's ghost, journeyman GnWr; littlecub's ghost, journeyman DsGl
Orc:1 1 runed translucent door, Ullipcorian's ghost, adept MfGl
Elf:2 3 runed translucent doors
Depths:1 3 runed translucent doors, Janeylunn's ghost, veteran GnWn
Depths:2 exclusions: eye of devastation, great orb of eyes, hell hog, shining eye and 4 more exclusions
Depths:3 2 transporters
Zot:2 exclusion: 2 upstairs
Zot:3 exclusion: 2 upstairs
Zot:4 exclusion: 3 upstairs


Innate Abilities, Weirdness & Mutations

You have sharp fingernails.
You occasionally shout uncontrollably at your foes.
Your spells are a little harder to cast, but a little more powerful.


Message History

You carve the demonspawn warmonger like a ham!!!
The demonspawn warmonger is almost dead.
Your +4 spectral broad axe hits the demonspawn warmonger but does no damage.
Uskayaw will force your foes to share their pain.
Uskayaw links your audience in an emotional bond!
Unknown command.
The helpless demonspawn warmonger fails to defend itself.
You hit the demonspawn warmonger.
The demonspawn warmonger is almost dead.
Your +4 spectral broad axe hits the demonspawn warmonger!
You kill the demonspawn warmonger!
Unknown command.
Your +4 spectral broad axe disappears.
Uskayaw prepares the audience for your solo!
Unknown command.
The helpless large abomination fails to defend itself.
You chop the large abomination into pieces!!!
You destroy the large abomination!
Unknown command.
Unknown command.
The helpless large abomination fails to defend itself.
You open the large abomination like a pillowcase!!!
You destroy the large abomination!
You can now merge with and destroy a victim.
Unknown command.
No target in view!
Unknown command.
No target in view!
What level of the Dungeon? (default 1, ? - help) HP restored.
There is a stone staircase leading up here.
You climb upwards.
There is a stone staircase leading down here.
What level of the Dungeon? (default 1, ? - help) You're already here!
What level of the Dungeon? (default 1, ? - help)
Things that are here:
2 stones; a +0 short sword
There is a staircase leading out of the dungeon here.
You have escaped!

....#### #..P.P...# ....###
#.P#~#P..## ......## #.##~##...##
.†.....## #.~~~~~....# ........#
#.##~##....# ........#
#.P#~#P....# ........#
##..P.P.....#
........####...........#
................@......#
...........##..........#
...............P.P.....#
....####.###..P#~#.....########
.##.####.###..##~##....##.....#
..............~~~~~.......###.##
..............##~##.....#..#...##
..............P#~#P.....##(..#..#
####.............P......#...##..#


There were no monsters in sight!

Vanquished Creatures
  3 dread liches
  3 ancient liches
  7 orbs of fire (Zot:5)
  A juggernaut (Depths:2)
  Josephina (Depths:4)
  Vv (Zot:3)
  3 Killer Klowns (Zot:5)
  the Lernaean hydra (Swamp:4)
  2 curse toes
  Saint Roka (Vaults:5)
  9 golden dragons
  Norris (Depths:3)
  4 electric golems
  2 bone dragons (Zot:1)
  2 doom hounds (Zot:1)
  A Tzitzimitl (Zot:5)
  12 tentacled monstrosities
  Asterion (Vaults:1)
  A walking frostbound tome (Depths:2)
  26 Orb Guardians
  6 titans
  2 deep elf master archers (Elf:3)
  2 liches
  3 sphinxes (Vaults:5)
  2 deep elf blademasters (Elf:3)
  Grunn (Zot:1)
  6 quicksilver dragons
  An Executioner (D:2)
  Agnes (Snake:3)
  11 storm dragons
  Aizul (Snake:1)
  11 shadow dragons
  3 death cobs
  2 tengu reavers
  15 nagarajas (Snake:4)
  6 protean progenitors
  2 draconian monks
  A demonspawn warmonger (D:2)
  2 iron dragons
  2 draconian knights
  8 fire giants
  6 deep elf sorcerers
  11 vault wardens
  19 frost giants
  A balrug (Depths:3)
  2 draconian shifters (Depths:4)
  2 draconian scorchers
  A deep elf elementalist (Elf:3)
  2 ghouls (Swamp:4)
  3 draconian stormcallers
  3 ghost moths
  A spriggan defender (Depths:2)
  2 reapers
  A draconian annihilator (Zot:1)
  20 ironbound preservers
  17 stone giants
  3 orc warlords
  A pandemonium lord (Zot:3)
  2 ironbound thunderhulks
  6 eleionomae
  5 formless jellyfish
  6 black draconians
  A lorocyproca (Depths:3)
  13 green draconians
  A putrid mouth (Zot:1)
  A vampire knight (Depths:2)
  8 deep elf demonologists
  24 very ugly things
  4 purple draconians
  3 white draconians
  8 deep elf death magi
  8 red draconians
  6 yellow draconians
  5 bunyips
  3 dire elephants (Vaults:3)
  6 spark wasps
  4 deep elf annihilators
  Snorg (D:10)
  A green death (D:9)
  8 jiangshi
  9 ettins
  9 fire dragons
  2 crystal guardians (Vaults:3)
  5 deep elf high priests
  An entropy weaver (shapeshifter) (D:13)
  2 entropy weavers
  11 yaktaur captains
  5 rakshasas
  Fannar (Lair:3)
  6 great orbs of eyes
  6 salamander tyrants
  28 vault guards
  Harold (D:9)
  21 hydras
  2 peacekeepers (Vaults:3)
  2 ogre magi
  8 centaur warriors
  6 alligators
  3 spriggan air magi
  Erolcha (Orc:2)
  6 ghost crabs
  7 ice dragons
  2 death knights
  6 anacondas
  8 ironbound frosthearts
  A merfolk avatar (Lair:5)
  11 dancing weapons
  A catoblepas (Lair:1)
  5 death yaks (Lair:1)
  10 deep troll shamans
  14 naga warriors
  2 boulder beetles
  15 two-headed ogres
  15 naga sharpshooters
  2 satyrs (Zot:5)
  6 vampire magi
  10 tengu warriors
  A sphinx skeleton (D:15)
  3 occultists
  A spriggan berserker (Swamp:3)
  9 deep troll earth magi
  6 orc high priests
  Sonja (D:13)
  11 hell knights
  3 sun demons
  6 skysharks
  10 shock serpents
  A storm dragon zombie (D:15)
  6 deep elf knights
  A spark wasp zombie (D:15)
  3 skeletal warriors
  A fire crab (shapeshifter) (Vaults:5)
  2 goliath frogs
  A shadow demon (Depths:3)
  2 flayed ghosts (Vaults:5)
  13 swamp dragons
  4 salamander mystics
  63 deep trolls
  4 spriggan druids
  2 mana vipers (shapeshifter)
  12 iron trolls
  13 mana vipers
  7 arcanists
  3 bog bodies
  2 sea snakes (Lair:5)
  9 naga ritualists
  8 deep elf archers
  10 lindwurms
  A steelbarb worm (shapeshifter) (Depths:4)
  4 necromancers
  6 phantasmal warriors
  A spriggan simulacrum (Depths:4)
  17 ironbound convokers
  4 glowing orange brains
  2 large abominations (D:2)
  A harpy (Lair:5)
  13 orc knights
  15 deep elf zephyrmancers
  15 deep elf pyromancers
  A sphinx simulacrum (Depths:4)
  56 ugly things
  5 orc sorcerers
  A wolf spider (shapeshifter) (Vaults:4)
  17 salamanders
  5 cyclopes
  4 will-o-the-wisps
  14 elephants
  3 meliai (D:13)
  2 manticores
  15 moths of wrath
  A kobold blastminer (Orc:2)
  A meliai (shapeshifter) (Vaults:5)
  17 vault sentinels
  A guardian serpent (Snake:4)
  A rust devil (Zot:3)
  2 torpor snails
  34 black mambas
  16 naga magi
  Maggie (D:7)
  2 smoke demons
  A gargoyle (D:10)
  A storm dragon simulacrum (Depths:4)
  2 unseen horrors
  5 rime drakes
  9 cane toads
  A kobold demonologist (D:11)
  A tormentor (Zot:1)
  2 tengu conjurers (Depths:1)
  30 yaktaurs
  2 efreet
  A freezing wraith (Vaults:5)
  10 komodo dragons
  A troll (shapeshifter) (D:15)
  A wind drake (Lair:5)
  2 merfolk (Zot:5)
  A tengu simulacrum (Depths:4)
  A red devil (D:9)
  12 tyrant leeches
  Grinder (D:5)
  A polar bear (Lair:1)
  8 trolls
  7 hornets
  2 snapping turtles (Lair:5)
  A glass eye (Depths:3)
  5 blink frogs (Lair:1)
  5 dream sheep (Lair:5)
  Sigmund (D:5)
  38 slime creatures
  A shadow (D:11)
  A centaur simulacrum (D:15)
  A vampire (D:11)
  3 air elementals
  14 spriggans
  A culicivora (shapeshifter) (D:14)
  6 basilisks
  5 wraiths
  5 wyverns
  2 fire elementals
  8 water elementals
  Eustachio (D:5)
  A human (D:11)
  4 wargs
  3 steam dragons
  6 yaks
  A chaos spawn (Zot:3)
  30 nagas
  3 vampire mosquitoes (D:11)
  An acid dragon (shapeshifter) (D:15)
  20 swamp worms
  17 water moccasins
  2 ice beasts
  7 swamp drakes (Swamp:4)
  27 orc warriors
  4 black bears
  3 laughing skulls (D:15)
  2 sky beasts
  6 ogres
  5 centaurs
  A kobold brigand (D:7)
  A phantom (D:4)
  A necrophage (Swamp:4)
  A gnoll sergeant (D:8)
  10 bullfrogs
  A glowing shapeshifter simulacrum (Depths:4)
  7 earth elementals
  A scorpion (D:7)
  4 killer bees
  8 electric eels
  10 howler monkeys
  2 jellies
  A bombardier beetle (D:6)
  20 orc priests
  3 hounds
  2 iguanas
  26 orc wizards
  8 gnolls
  8 adders
  2 white imps (D:6)
  2 ufetubi (D:5)
  6 ribbon worms
  79 orcs
  4 ball pythons
  8 endoplasms
  3 giant cockroaches
  7 hobgoblins
  6 jackals (D:4)
  8 quokkas
  7 bats
  5 frilled lizards
  5 goblins
  15 kobolds
  6 rats
  2 aspiring fleshes (Zot:5)
  3 spectral weapons (Vaults:1)
1760 creatures vanquished.

Vanquished Creatures (others)
  A golden dragon (Zot:4)
  A vault warden (Vaults:1)
  A ghost moth (Zot:5)
  A deep elf knight (Elf:1)
  An ugly thing (Depths:2)
  A naga mage (Snake:4)
  2 bloated husks (Swamp:3)
  A centaur (D:15)
  14 foxfires
  83 spectral weapons
106 creatures vanquished.

Grand Total: 1866 creatures vanquished

Notes
Turn   | Place    | Note
-------+----------+-------------------------------------------
     0 | D:1      | bakla the Hill Orc Gladiator began the quest for the Orb.
     0 | D:1      | Reached XP level 1. HP: 18/18 MP: 1/1
   103 | D:1      | Reached XP level 2. HP: 22/25 MP: 2/2
   171 | D:1      | Reached skill level 1 in Armour
   472 | D:1      | Reached XP level 3. HP: 28/31 MP: 3/3
   769 | D:2      | Found a shadowy altar of Dithmenos.
  1087 | D:2      | Reached XP level 4. HP: 38/38 MP: 4/4
  1465 | D:3      | Reached skill level 5 in Axes
  1598 | D:3      | Reached XP level 5. HP: 41/46 MP: 5/5
  2195 | D:4      | Reached XP level 6. HP: 51/53 MP: 6/6
  2375 | D:4      | Reached skill level 5 in Fighting
  2552 | D:5      | Entered Level 5 of the Dungeon
  2610 | D:5      | Noticed Grinder
  2656 | D:5      | Noticed Eustachio
  2671 | D:5      | Killed Eustachio
  2672 | D:5      | Reached XP level 7. HP: 53/61 MP: 7/7
  2773 | D:5      | Killed Grinder
  2819 | D:5      | Reached skill level 5 in Armour
  2894 | D:5      | Identified the +0 dagger of Boan {elec, rC++ Int+3}
  2922 | D:5      | Found a radiant altar of Vehumet.
  3069 | D:5      | Reached XP level 8. HP: 71/71 MP: 8/8
  3084 | D:5      | Noticed Sigmund
  3088 | D:5      | Killed Sigmund
  3259 | D:5      | Found Notum's Weapon Shoppe.
  3565 | D:6      | Found a staircase to the Ecumenical Temple.
  3593 | Temple   | Entered the Ecumenical Temple
  3606 | Temple   | Became a worshipper of Uskayaw the Reveller
  3741 | D:6      | Reached * piety under Uskayaw
  3760 | D:6      | Found a hide-covered altar of Uskayaw.
  3767 | D:6      | Reached ** piety under Uskayaw
  3773 | D:6      | Reached *** piety under Uskayaw
  3775 | D:6      | Reached skill level 1 in Invocations
  3775 | D:6      | Reached skill level 1 in Evocations
  3920 | D:6      | Found an opulent altar of Gozag.
  4181 | D:6      | Reached XP level 9. HP: 71/81 MP: 10/10
  4739 | D:7      | Reached **** piety under Uskayaw
  4923 | D:7      | Noticed a hornet
  4932 | D:7      | Reached skill level 10 in Axes
  4935 | D:7      | Killed a hornet
  4943 | D:7      | Reached ***** piety under Uskayaw
  5255 | D:7      | Found a runed translucent door.
  5256 | D:7      | Noticed Crazy Yiuf
  5300 | D:7      | Reached XP level 10. HP: 71/90 MP: 13/13
  5359 | D:7      | Noticed Maggie
  5370 | D:7      | Killed Maggie
  5371 | D:7      | Reached skill level 5 in Invocations
  5748 | D:8      | Found a glowing golden altar of the Shining One.
  5748 | D:8      | Found a hazy altar of Hepliaklqana.
  5988 | D:9      | Found a staircase to the Lair.
  6020 | D:9      | Noticed a centaur warrior
  6032 | D:9      | Killed a centaur warrior
  6096 | D:9      | Learned a level 2 spell: Blink
  6263 | D:9      | Noticed Harold
  6275 | D:9      | Killed Harold
  6464 | D:9      | Reached skill level 10 in Fighting
  6685 | D:10     | Entered Level 10 of the Dungeon
  6807 | D:10     | Reached XP level 11. HP: 99/99 MP: 16/16
  6991 | D:10     | Noticed Snorg
  7109 | D:11     | Noticed a sun demon
  7114 | D:11     | Reached ****** piety under Uskayaw
  7417 | D:11     | Noticed a two-headed ogre
  7435 | D:11     | Killed a two-headed ogre
  7738 | D:11     | Found a staircase to the Orcish Mines.
  8169 | D:5      | Bought the +3 war axe "Mikhyffiu" {speed, *Rage rCorr SInv}
                  | for 562 gold pieces
  8478 | D:10     | Killed Snorg
  8965 | D:12     | Noticed a two-headed ogre
  8971 | D:12     | Killed a two-headed ogre
  9110 | D:12     | Noticed a two-headed ogre
  9123 | D:12     | Killed a two-headed ogre
  9238 | D:12     | Noticed a white ugly thing
  9255 | D:12     | Killed a white ugly thing
  9310 | D:12     | Noticed a white ugly thing
  9318 | D:12     | Killed a white ugly thing
  9351 | D:12     | Reached skill level 10 in Armour
  9351 | D:12     | Reached XP level 12. HP: 110/110 MP: 18/18
  9420 | D:12     | Noticed a boulder beetle
  9440 | D:12     | Killed a boulder beetle
  9441 | D:12     | Reached skill level 15 in Axes
  9937 | D:13     | Noticed an entropy weaver
  9952 | D:13     | Reached skill level 10 in Invocations
  9956 | D:13     | Killed an entropy weaver
 10092 | D:13     | Found a gate to the Vaults.
 10092 | D:13     | Noticed a two-headed ogre
 10101 | D:13     | Killed a two-headed ogre
 10183 | D:13     | Noticed a death knight
 10371 | D:13     | Noticed a rakshasa
 10429 | D:13     | Noticed Sonja
 10576 | D:13     | Noticed Nessos
 10580 | D:13     | Nessos changed into Nessos the cyclops
 10580 | D:13     | Noticed Nessos
 10596 | D:13     | Killed Nessos the cyclops
 10756 | D:12     | Killed a death knight
 10844 | Lair:1   | Entered Level 1 of the Lair of Beasts
 10974 | Lair:1   | Noticed a six-headed hydra
 11024 | Lair:1   | Killed a 17-headed hydra
 11282 | Lair:1   | Reached XP level 13. HP: 108/122 MP: 20/20
 12274 | Lair:1   | Found the +1 robe of Vines {NoPotionHeal Regen++++}
 13106 | Lair:2   | Identified the +7 chain mail of the Modern Dreams {rF+}
 13364 | Lair:2   | Found a staircase to the Swamp.
 13840 | Lair:3   | Found a staircase to the Snake Pit.
 13949 | Lair:3   | Noticed Fannar
 13990 | Lair:3   | Killed Fannar
 14164 | Lair:3   | Reached skill level 5 in Evocations
 14903 | Lair:4   | Reached XP level 14. HP: 133/133 MP: 22/22
 16127 | Lair:5   | Entered Level 5 of the Lair of Beasts
 16263 | Lair:5   | Identified the +4 hand axe "Ariniuk" {holy, *Corrode rN++}
 16699 | Lair:5   | Reached skill level 15 in Fighting
 16963 | Lair:5   | Found a staircase to the Slime Pits.
 18732 | D:13     | Killed Sonja
 19013 | D:14     | Found an iron altar of Okawaru.
 19759 | D:15     | Entered Level 15 of the Dungeon
 19763 | D:15     | Found a staircase to the Depths.
 20214 | D:14     | Reached XP level 15. HP: 111/143 MP: 24/24
 20583 | D:15     | Reached skill level 1 in Shields
 22017 | Orc:1    | Entered Level 1 of the Orcish Mines
 22120 | Orc:1    | Found Muicuig's Self-Improvement Boutique.
 22773 | Orc:1    | Found a runed translucent door.
 22773 | Orc:1    | Noticed Ullipcorian's ghost (adept MfGl)
 22864 | Orc:2    | Entered Level 2 of the Orcish Mines
 23050 | Orc:2    | Found a staircase to the Elven Halls.
 23056 | Orc:2    | Noticed Erolcha
 23066 | Orc:2    | Killed Erolcha
 23085 | Orc:2    | Found Reggu's Antique Weapon Emporium.
 23121 | Orc:2    | Reached skill level 5 in Throwing
 23151 | Orc:2    | Reached skill level 15 in Armour
 23446 | Orc:2    | Found Rimpi's Antique Armour Shoppe.
 23446 | Orc:2    | Found Gideav's Jewellery Shop.
 23448 | Orc:2    | Found Icohekk's Assorted Antiques.
 23448 | Orc:2    | Found Bifewak's General Store.
 23456 | Orc:2    | Bought a scroll of blinking for 157 gold pieces
 23457 | Orc:2    | Bought a scroll of revelation for 90 gold pieces
 23572 | Orc:1    | Bought a manual of Fighting for 1040 gold pieces
 23627 | Orc:2    | Bought a translucent scale mail for 207 gold pieces
 23627 | Orc:2    | Identified the +8 scale mail of the Soldier {rPois Str+5
                  | Dex-3} (You bought it in a shop on level 2 of the Orcish
                  | Mines)
 23880 | Snake:1  | Entered Level 1 of the Snake Pit
 24135 | Snake:1  | Reached skill level 5 in Shields
 24674 | Snake:1  | Found Cyrug's Armour Boutique.
 24742 | Snake:1  | Identified the serpent talisman "Jojom" {Slay+6}
 24742 | Snake:1  | Noticed Aizul
 25094 | Swamp:1  | Entered Level 1 of the Swamp
 25104 | Swamp:1  | Reached XP level 16. HP: 105/155 MP: 26/26
 26282 | Swamp:1  | Reached skill level 15 in Invocations
 29750 | Swamp:4  | Entered Level 4 of the Swamp
 31545 | Swamp:4  | Reached XP level 17. HP: 126/168 MP: 29/29
 31883 | Swamp:4  | Noticed the 27-headed Lernaean hydra
 32193 | Swamp:4  | Killed the 27-headed Lernaean hydra
 32446 | Swamp:4  | Got a decaying rune of Zot
 33007 | Snake:1  | Killed Aizul
 34734 | Snake:2  | Found a runed translucent gate.
 34734 | Snake:2  | Found a runed translucent gate.
 34734 | Snake:2  | Found a runed translucent gate.
 34735 | Snake:2  | Noticed Icun's ghost (journeyman GnWr)
 34735 | Snake:2  | Noticed littlecub's ghost (journeyman DsGl)
 36166 | Snake:3  | Noticed Agnes
 36176 | Snake:3  | Killed Agnes
 36338 | Snake:3  | Reached skill level 10 in Shields
 37500 | Snake:3  | Identified the +6 shortbow "Dyfuoscha" {freeze, Str+2 Int-4
                  | Dex+3}
 38302 | Snake:3  | Reached XP level 18. HP: 177/178 MP: 30/30
 38974 | Snake:4  | Entered Level 4 of the Snake Pit
 39033 | Snake:4  | Learned a level 3 spell: Fugue of the Fallen
 39035 | Snake:4  | Found Haniw's Antique Armour Boutique.
 39040 | Snake:4  | Bought a pair of polished boots for 209 gold pieces
 39040 | Snake:4  | Identified the +0 pair of boots "Xuereimp" {-Tele Regen+
                  | Int+2} (You bought it in a shop on level 4 of the Snake
                  | Pit)
 39091 | Snake:4  | Found Utush's One-of-a-Kind Rings.
 39610 | Snake:4  | Found a glacial archway.
 39725 | IceCv    | Entered an ice cave
 41934 | Snake:4  | Got a serpentine rune of Zot
 44383 | Elf:1    | Entered Level 1 of the Elven Halls
 44493 | Elf:1    | Found Qinuaxiw's Weapon Boutique.
 44527 | Elf:1    | Found Goppydgh's Armour Shop.
 44533 | Elf:1    | Bought the +2 pair of slick slippers {slick, slippery,
                  | EV+4} for 459 gold pieces
 44533 | Elf:1    | Found the +2 pair of slick slippers {slick, slippery, EV+4}
 44577 | Elf:1    | Identified the +8 mace of Zisedat {venom, ^Fragile rPois
                  | rN+}
 44862 | Elf:1    | Found Lenorch's Neck Hole.
 44999 | Elf:1    | Paralysed by an air elemental for 1 turns
 45040 | Elf:1    | Reached XP level 19. HP: 63/190 MP: 24/32
 45602 | Elf:2    | Paralysed by an air elemental for 1 turns
 45722 | Elf:2    | Found a runed translucent gate.
 45723 | Elf:2    | Found a runed translucent gate.
 45723 | Elf:2    | Found a runed translucent gate.
 46006 | Elf:2    | Found Xoutusei's Antique Armour Boutique.
 46155 | Elf:3    | Entered Level 3 of the Elven Halls
 46615 | Elf:3    | Found Foniptuq's Armour Emporium.
 46619 | Elf:3    | Found Bafin's Distillery.
 46623 | Elf:3    | Bought a +1 kite shield of protection for 247 gold pieces
 46627 | Elf:3    | Bought a potion of heal wounds for 80 gold pieces
 46627 | Elf:3    | Bought a potion of heal wounds for 80 gold pieces
 48237 | Elf:3    | Identified the +6 flail of Rotation {protect, *Noise Int+6}
 48237 | Elf:3    | Identified the +7 shortbow of Truth {flame, rElec Int+3}
 48651 | Elf:3    | Identified the +2 spear "Feshe" {flame, *Rage rF+ Dex+6}
 48790 | Elf:3    | Identified the +3 great sword of Vozin {drain, rElec rPois
                  | rF++}
 48790 | Elf:3    | Identified the ring "Vabicruh" {rF+ Str+2}
 48972 | Elf:3    | Noticed an Ice Fiend
 48991 | Elf:3    | Found the +3 warlock's mirror {omnireflect}
 49022 | Elf:3    | Identified the +11 plate armour of Resonant Fun {rPois rC-
                  | Regen+ Str+4}
 49070 | Elf:3    | Identified the staff of Siarch {rF+ Int+3 Fire}
 49075 | Elf:3    | Identified the +0 scale mail "Lytot" {rPois Regen+ Int+3
                  | Slay+2}
 49764 | Elf:1    | Bought the scarf of Ashenzari's Grace {rC+ rF+, Str+3} for
                  | 476 gold pieces
 50049 | Vaults:1 | Entered Level 1 of the Vaults
 50230 | Vaults:1 | Noticed Asterion
 50246 | Vaults:1 | Killed Asterion
 50376 | Vaults:1 | Found Naojig's Distillery.
 50398 | Vaults:1 | Bought a potion of heal wounds for 75 gold pieces
 50398 | Vaults:1 | Bought a potion of might for 60 gold pieces
 50398 | Vaults:1 | Bought a potion of might for 60 gold pieces
 50459 | Vaults:1 | Found Liceadd's Distillery.
 50512 | Vaults:1 | Found Higuliw's Assorted Antiques.
 50516 | Vaults:1 | Reached XP level 20. HP: 200/200 MP: 34/34
 50680 | Vaults:1 | Found Aruts's Assorted Antiques.
 51011 | Vaults:1 | Found Ehesepp's Antique Weapon Emporium.
 51357 | Vaults:2 | Reached skill level 5 in Dodging
 51553 | Vaults:2 | Reached skill level 15 in Shields
 51767 | Vaults:2 | Found Teczix's Armour Shoppe.
 52770 | Vaults:3 | Found a staircase to the Crypt.
 52770 | Vaults:3 | Found a basalt altar of Yredelemnul.
 52771 | Vaults:3 | Found an ancient bone altar of Kikubaaqudgha.
 53276 | Vaults:3 | Reached XP level 21. HP: 200/207 MP: 36/36
 53362 | Vaults:3 | Identified the staff of Toothy Watchfulness {rElec Dex+2
                  | Air}
 53637 | Vaults:4 | Found a flickering gateway to a bazaar.
 53662 | Bazaar   | Entered a bazaar
 53668 | Bazaar   | Found Wupaph's Jewellery Boutique.
 53690 | Bazaar   | Found Nicuocus's Antique Weapon Emporium.
 53711 | Bazaar   | Found Wienegg's Armour Boutique.
 53727 | Bazaar   | Found Faaphuny's Armour Shoppe.
 54624 | Vaults:5 | Entered Level 5 of the Vaults
 54635 | Vaults:5 | Noticed an ancient lich
 54997 | Vaults:5 | Killed an ancient lich
 55053 | Vaults:5 | Noticed a dread lich
 55056 | Vaults:5 | Noticed a golden dragon
 55056 | Vaults:5 | Gained mutation: You occasionally lose the ability to read
                  | scrolls when taking damage. [a shining eye]
 55060 | Vaults:5 | Reached XP level 22. HP: 158/215 MP: 37/37
 55065 | Vaults:5 | Reached skill level 10 in Dodging
 55067 | Vaults:5 | Killed a dread lich
 55208 | Vaults:5 | Noticed Saint Roka
 55236 | Vaults:5 | Killed Saint Roka
 55414 | Vaults:5 | Identified the +1 leather armour of Xonirrysmu {rC+}
 55647 | Vaults:5 | Identified the ring "Weudout" {rF+ rC+ SInv}
 55663 | Vaults:5 | Killed a golden dragon
 55727 | Vaults:5 | Identified the +2 glaive of Nesess Pootz {pain, rF+ Str+4
                  | Dex+2}
 55789 | Vaults:5 | Identified the +0 scale mail of Mirrosch {Str+2}
 56119 | Vaults:5 | Noticed a dread lich
 56178 | Vaults:5 | Killed a dread lich
 56660 | Vaults:5 | Got a silver rune of Zot
 56858 | Vaults:1 | Bought a potion of experience for 750 gold pieces
 56876 | Vaults:1 | Bought a scroll of blinking for 262 gold pieces
 56876 | Vaults:1 | Reached XP level 23. HP: 220/220 MP: 37/39
 56877 | Vaults:1 | Lost mutation: You occasionally lose the ability to read
                  | scrolls when taking damage. [potion of mutation]
 56877 | Vaults:1 | Gained mutation: You have sharp fingernails. [potion of
                  | mutation]
 56877 | Vaults:1 | Gained mutation: Your spells are a little harder to cast,
                  | but a little more powerful. [potion of mutation]
 56983 | Depths:1 | Entered Level 1 of the Depths
 56990 | Depths:1 | Noticed Janeylunn's ghost (veteran GnWn)
 56992 | Depths:1 | Found a runed translucent gate.
 56992 | Depths:1 | Found a runed translucent gate.
 57001 | Depths:1 | Found a runed translucent gate.
 57313 | Depths:1 | Found a gateway to Hell.
 58056 | Depths:2 | Reached XP level 24. HP: 206/233 MP: 39/39
 58410 | Depths:2 | Found a one-way gateway to a ziggurat.
 58744 | Depths:2 | Reached skill level 10 in Evocations
 58812 | Depths:2 | Noticed a juggernaut
 58822 | Depths:2 | Killed a juggernaut
 58952 | Depths:2 | Identified the ring of Eriossuj {Fire Str+3}
 58952 | Depths:2 | Identified the +9 rapier "Hior" {pain, Will+ Str+5 Int+3}
 58952 | Depths:2 | Identified the ring "Qid Koir" {Fly rF- rCorr Int+4 SInv}
 58952 | Depths:2 | Identified the orb of the Stone Wall {*channel, ^Drain
                  | Regen+ Hexes}
 58952 | Depths:2 | Identified the staff "Spiderslayer" {Dex+3 Conj}
 59433 | Depths:3 | Noticed Norris
 59470 | Depths:3 | Killed Norris
 59736 | Depths:3 | Found a one-way gate leading to the halls of Pandemonium.
 59826 | Depths:3 | Found a one-way gate to the infinite horrors of the Abyss.
 59829 | Depths:3 | Found a transporter.
 59832 | Depths:3 | Noticed a caustic shrike
 59931 | Depths:3 | Reached XP level 25. HP: 192/243 MP: 39/39
 60107 | Depths:3 | Identified the amulet "Paugim" {RegenMP Rampage}
 60148 | Depths:3 | Found an ancient bone altar of Kikubaaqudgha.
 60283 | Depths:3 | Found a transporter.
 60629 | Depths:4 | Entered Level 4 of the Depths
 60635 | Depths:4 | Identified the ring of Happiness {Ice ^Contam Str+3 Dex+4}
 60635 | Depths:4 | Identified the death talisman of the Kitsune {rF+ Dex+5}
 60635 | Depths:4 | Noticed Josephina
 60675 | Depths:4 | Found a bloodstained altar of Trog.
 60737 | Depths:4 | Found a gate to the Realm of Zot.
 61119 | Zot:1    | Entered Level 1 of the Realm of Zot
 61293 | Zot:1    | Noticed Grunn
 61328 | Depths:4 | Killed Josephina
 61684 | Vaults:1 | Bought a scroll of blinking for 217 gold pieces
 61738 | Vaults:1 | Bought 2 potions of might for 120 gold pieces
 61927 | Zot:1    | Killed Grunn
 62348 | Zot:3    | Noticed Vv
 62431 | Zot:3    | Killed Vv
 63004 | Zot:4    | Identified a scroll of acquirement
 63004 | Zot:4    | Acquired 948 gold pieces
 63216 | Zot:4    | Reached XP level 26. HP: 163/254 MP: 23/39
 63395 | Zot:5    | Entered Level 5 of the Realm of Zot
 63425 | Zot:5    | Noticed an orb of fire
 63627 | Zot:5    | Killed an orb of fire
 64012 | Zot:5    | Noticed an ancient lich
 64029 | Zot:5    | Killed an ancient lich
 64063 | Zot:5    | Noticed a dread lich
 64080 | Zot:5    | Killed a dread lich
 64127 | Zot:5    | Noticed an orb of fire
 64131 | Zot:5    | Noticed an orb of fire
 64132 | Zot:5    | Noticed an orb of fire
 64133 | Zot:5    | Noticed an orb of fire
 64135 | Zot:5    | Noticed an orb of fire
 64139 | Zot:5    | Noticed a Killer Klown
 64141 | Zot:5    | Gained mutation: You are robust. (+10% HP) [an orb of fire]
 64142 | Zot:5    | Noticed an ancient lich
 64143 | Zot:5    | Killed an orb of fire
 64144 | Zot:5    | Reached skill level 15 in Dodging
 64165 | Zot:5    | Noticed an orb of fire
 64171 | Zot:5    | Noticed an orb of fire
 64366 | Zot:5    | Killed an orb of fire
 64367 | Zot:5    | Gained mutation: You occasionally shout uncontrollably at
                  | your foes. [an orb of fire]
 64374 | Zot:5    | Killed an orb of fire
 64376 | Zot:5    | Killed an orb of fire
 64395 | Zot:5    | Lost mutation: You are robust. (+10% HP) [an orb of fire]
 64404 | Zot:5    | Killed an orb of fire
 64423 | Zot:5    | Killed an ancient lich
 64432 | Zot:5    | Killed an orb of fire
 64484 | Zot:5    | Killed a Killer Klown
 64518 | Zot:5    | Noticed a Killer Klown
 64521 | Zot:5    | Noticed a Killer Klown
 64527 | Zot:5    | Killed a Killer Klown
 64542 | Zot:5    | Killed a Killer Klown
 64653 | Zot:5    | Reached XP level 27. HP: 240/261 MP: 39/39
 64709 | Zot:5    | Got the Orb of Zot
 64961 | Zot:3    | Noticed Muleilist the pandemonium lord
 64967 | Zot:3    | Killed Muleilist the pandemonium lord
 65085 | Depths:1 | Noticed Muptuck the pandemonium lord
 65263 | D:8      | Noticed Huodwifu the pandemonium lord
 65405 | D:$      | Escaped with the Orb!

Illustrated notes

Levels and vault maps discovered:
D:1:      eino_arrival_water_cross, layout_rooms, minmay_tetromino_t4
D:2:      layout_basic, basic_altar, minmay_stone_trees_small, minivault_11
D:3:      layout_rooms
D:4:      layout_loops_cross, kennysheep_boxes
D:5:      layout_basic, mainiacjoe_overflow_six_doors_small, serial_shops, shop,
          uniq_grinder, uniq_sigmund, uniq_eustachio
D:6:      layout_basic, minmay_temple_entry_grid, roderic_serpentine_path,
          hangedman_feature_mirror
D:7:      layout_basic, serial_bayou, serial_bayou_shore_a,
          serial_bayou_crossing, serial_bayou_ford_a, serial_bayou_lagoon_a,
          uniq_crazy_yiuf_cottage, uniq_maggie
D:8:      layout_basic, gammafunk_temple_overflow_statue,
          nicolae_shop_i_like_big_books, minmay_fractal_squares_5, uniq_psyche
D:9:      layout_rooms, lair_entry_dummy, small_chamber_with_monster,
          uniq_harold
D:10:     layout_rooms, hangedman_decor_push, uniq_snorg
D:11:     layout_loops_corners, erik_orc_4
D:12:     layout_roguey
D:13:     layout_basic, david_vaults_1, uniq_sonja, uniq_nessos
D:14:     layout_long_grid, okawaru_gym_becter
D:15:     gammafunk_depths_entry_grave, layout_basic,
          hangedman_abyss_or_decor_lesser_grid, chequers_hall_statues_wall_a,
          wad_mini_maze
Temple:   compressed_dpeg_triangle_lava_temple
Lair:1:   layout_big_grid, hellmonk_guarded_unrand_vines, grunt_megastairs_1
Lair:2:   layout_misc_corridors, minmay_swamp_entry_worms, serial_forest,
          infiniplex_forest_3_way, infiniplex_forest_corner_1,
          infiniplex_forest_zigzag_1, infiniplex_forest_lined_2,
          infiniplex_forest_lined_2, infiniplex_forest_lined_ring,
          infiniplex_forest_straight_4, infiniplex_forest_zigzag_1,
          infiniplex_forest_zigzag_2, infiniplex_forest_corner_2
Lair:3:   layout_chaotic_city, minmay_snake_entry_guardpost_small,
          serial_forest, infiniplex_forest_lined_4_way,
          infiniplex_forest_corner_2, infiniplex_forest_corner_1,
          infiniplex_forest_clump_curved, infiniplex_forest_end_1,
          infiniplex_forest_clump_double, uniq_fannar
Lair:4:   layout_layer_cave
Lair:5:   gammafunk_lair_ancient_temple, layout_loops_ring, slime_entry_1
Swamp:1:  layout_falls_marsh, nicolae_swamp_small_spring,
          nicolae_swamp_alligator_family
Swamp:2:  layout_basic_swamp, hangedman_swamp_blocks
Swamp:3:  layout_falls_marsh, evilmike_swamp_ruin_house_5
Swamp:4:  swamp_old_school, layout_basic_swamp, infiniplex_staircase_pool_2
Snake:1:  layout_concentric_octagons, serial_shops,
          nicolae_shop_competitors_out_of_business, uniq_aizul
Snake:2:  layout_chambers, serial_library, serial_library_hellmonk_room_c,
          serial_library_hellmonk_layered_room,
          serial_library_regret_index_turning, serial_library_hellmonk_junction,
          serial_library_hellmonk_angled_corner,
          serial_library_hellmonk_secret_room, gammafunk_ghost_cemetery,
          grunt_megastairs_2
Snake:3:  cheibrodos_snake_ritualist_ritual, layout_chambers, uniq_agnes
Snake:4:  grunt_snake_rune_spirals, layout_onion, portal_ice_cave_entry_dragon,
          serial_shops, nicolae_shop_hallway_plus, nicolae_shop_unique_rings
Orc:1:    layout_caves, gammafunk_ghost_grave, nicolae_shop_self_help
Orc:2:    grunt_orc_tribal_feast, layout_diamond_mine, serial_shops, shop,
          uniq_erolcha
Elf:1:    layout_geoelf_octagon, serial_shops, nicolae_square_shop,
          nicolae_shop_bloodbath_and_beyond, minivault_28, grunt_ministairs_13,
          nicolae_shop_sticking_my_neck_out
Elf:2:    nicolae_elf_blades_crystal_corner, layout_geoelf_grid, serial_shops,
          nicolae_shop_overgrown_old_shop
Elf:3:    elf_hall, layout_geoelf_octagon, minmay_shop_star
Vaults:1: vaults_dpeg_emergency_exit, nicolae_vaults_alarming,
          hangedman_vaults_slice, nicolae_vaults_apartment_1, v_misc_29,
          nicolae_vaults_cochlea, vaults_room_pools, nicolae_vaults_trapezoid_2,
          v_misc_4, v_misc_5, layout_vaults_big_room, serial_shops, shop, shop,
          nicolae_shop_tiny_waterfront, nicolae_shop_gibbet_a_chance,
          nicolae_lakefront_shop, uniq_asterion
Vaults:2: grunt_vaults_funnel, v_misc_26, nicolae_vaults_weapon_check,
          vaults_mumra_hexcomb, nicolae_vaults_little_squares_2,
          v_alt_pattern_2, nicolae_vaults_double_plus_1,
          nicolae_vaults_tetromino_Z_1, layout_vaults_quadrants, serial_shops,
          shop
Vaults:3: minmay_crypt_entry_necro_gods, nicolae_vaults_network_square,
          v_rooms_3, v_misc_9, vaults_room_corners,
          nicolae_vaults_oval_intersection,
          nicolae_vaults_windows_and_doors_thing, v_misc_3,
          nicolae_vaults_little_ls, nicolae_vaults_circle_grid_b,
          vaults_mumra_lcd, nicolae_vaults_specimen_jars, st_smaller_cells,
          nicolae_vaults_little_squares_3, nicolae_vaults_tangram_1,
          layout_vaults_ring
Vaults:4: nicolae_vaults_theta, v_misc_18, vaults_mumra_hex,
          nicolae_vaults_security_offices_6, ontoclasm_vaults_gateway,
          grunt_vaults_hallway_long, v_misc_3,
          nicolae_vaults_trapezoid_lopsided_4, vaults_room_corners,
          hangedman_vaults_corner, nicolae_vaults_closet_pinwheel_5,
          ontoclasm_vaults_tryst, v_misc_14, layout_vaults_maze_bifur,
          serial_shops, freezing_bzr
Vaults:5: uniq_saint_roka
Depths:1: layout_cave_shapes, pf_coc_iceberg, hellmonk_ghost_time_enough,
          lightli_corner_chamber, grunt_megastairs_5
Depths:2: minmay_rotating_shell, layout_honeycomb, enter_ziggurat_c,
          hellmouth_1, pan_entry, corner_web_ring,
          infiniplex_staircase_pillars_2
Depths:3: gammafunk_the_bubble [the_bubble_gammafunk_crates], layout_basic,
          lightli_too_deep, nicolae_kikubaaqudgha_miasma_corner,
          rand_demon_pan_entry_7, abyss_entry, grunt_megastairs_3, uniq_norris
Depths:4: grunt_crosshair, layout_twisted_cross, grunt_hell_entry_dis_mu,
          nrook_campfire, grunt_ministairs_11, bloody_trog,
          infiniplex_staircase_pool_lava, uniq_josephina
Zot:1:    layout_gridlike, uniq_grunn
Zot:2:    layout_misc_corridors
Zot:3:    gammafunk_sealed_library, layout_onion_interference,
          regret_index_zotdec_abyssal_contain_seething_sorcery, uniq_vv
Zot:4:    regret_index_malice_mire, layout_twisted_circle
Zot:5:    layout_onion, regret_index_zotdec_carving_tricks

Skill      XL: |  1  2  3  4  5  6  7  8  9 10 11 12 13 14 15 16 17 18 19 20 21 22 23 24 25 26 27 |
---------------+----------------------------------------------------------------------------------+-----
Armour         | 1 2 3 4 5 6 7 8 10 11 13 14 15 16 17 18 19 20 22 24 | 24.3
Fighting       | 3 4 5 6 7 8 10 11 13 14 15 17 19 20 21 22 23 24 | 24.3
Axes           | 5 6 7 9 10 12 14 16 17 18 | 18.0
Invocations    | 2 4 7 9 10 11 13 14 16 17 19 20 22 23 24 | 24.4
Evocations     | 2 3 4 5 6 7 8 11 12 | 12.0
Throwing       | 3 5 |  5.0
Shields        | 5 8 10 12 14 15 17 20 21 | 21.0
Dodging        | 3 7 9 10 11 13 15 | 15.9

Action                     |  1- 3 |  4- 6 |  7- 9 | 10-12 | 13-15 | 16-18 | 19-21 | 22-24 | 25-27 || total
---------------------------+-------+-------+-------+-------+-------+-------+-------+-------+-------++-------
  Melee: War axe           |   136 |   155 |   199 |   406 |   230 |       |       |       |       ||  1126
         Punch             |       |       |     2 |    13 |     9 |       |       |       |       ||    24
         Broad axe         |       |       |       |    59 |   818 |  1151 |  1038 |   723 |   922 ||  4711
         Battleaxe         |       |       |       |       |       |   151 |       |       |       ||   151
  Throw: Dart              |       |     2 |     1 |     5 |     8 |    13 |     4 |     1 |       ||    34
         Throwing net      |       |     1 |     3 |    11 |     1 |     1 |       |       |     2 ||    19
         Javelin           |       |       |     3 |       |       |       |       |       |       ||     3
 Invoke: Line Pass         |       |       |       |     3 |     1 |     4 |     2 |     1 |     6 ||    17
         Stomp             |       |       |       |     3 |     1 |     2 |     1 |       |       ||     7
         Grand Finale      |       |       |       |     1 |     2 |     1 |       |     1 |     1 ||     6
  Evoke: Wand              |       |       |    17 |    21 |    22 |    46 |    13 |       |     2 ||   121
         Lightning rod     |       |       |       |       |     4 |     4 |       |       |     4 ||    12
         Tin of tremorston |       |       |       |       |       |       |       |     1 |       ||     1
         Sack of spiders   |       |       |       |       |       |       |       |       |     1 ||     1
    Use: Scroll            |     3 |     4 |     4 |    10 |    12 |     8 |     6 |    15 |    12 ||    74
         Potion            |       |       |       |     3 |     6 |     5 |     1 |     3 |     9 ||    27
   Stab: Held in net/web   |       |       |     1 |     7 |     1 |       |       |       |       ||     9
         Paralysed         |       |       |     6 |    68 |   108 |   135 |   110 |    80 |   100 ||   607
         Confused          |       |       |       |     1 |     1 |     2 |     1 |     1 |     7 ||    13
         Distracted        |       |       |       |       |       |       |    15 |     6 |     7 ||    28
 Armour: Leather armour    |    46 |       |       |       |       |       |       |       |       ||    46
         Ring mail         |    41 |   105 |   195 |   278 |   151 |       |       |       |       ||   770
         Scale mail        |     1 |       |       |       |       |       |       |       |       ||     1
         Chain mail        |       |       |       |       |   468 |  1019 |   140 |       |       ||  1627
         Plate armour      |       |       |       |       |       |       |   253 |    75 |       ||   328
         Gold dragon scale |       |       |       |       |       |       |       |   236 |   602 ||   838
  Dodge: Dodged            |   110 |    96 |   133 |   260 |   508 |   690 |   350 |   250 |   462 ||  2859
  Block: Buckler           |       |       |       |       |    85 |   255 |   279 |   246 |   377 ||  1242
         Reflection        |       |       |       |       |     8 |    29 |    67 |    27 |    41 ||   172
